 Dungeon Crawl Stone Soup version 0.28.0-45-g0d030f2227 (webtiles) character file.

Game seed: 918753738042294541

14907 protoss039 the Fighter (level 11, -1/93 HPs)
             Began as a Demonspawn Earth Elementalist on May 30, 2022.
             Was a Follower of Vehumet.
             Shot with an arrow by a centaur (7 damage)
             ... on level 12 of the Dungeon.
             The game lasted 00:23:45 (16646 turns).

protoss039 the Fighter (DsEE)                      Turns: 16646, Time: 00:23:46

Health: -1/93      AC: 15    Str: 12    XL:     11   Next: 94%
Magic:  16/23      EV: 11    Int: 26    God:    Vehumet [*.....]
Gold:   721        SH:  0    Dex: 18    Spells: 15/26 levels left

rFire   . . .      SeeInvis .   k - +9 hand axe of the Big Bang {vorpal, Str+3 Dex+4}
rCold   . . .      Faith    .   (no shield)
rNeg    . . .      Spirit   .   l - +1 scale mail {Will+}
rPois   .          Reflect  .   J - +1 helmet
rElec   .          Harm     .   v - +0 cloak
rCorr   .          Rampage  .   b - +0 pair of gloves {infuse}
Will    ++...                   u - +0 pair of boots
Stlth   ++........              (no amulet)
HPRegen 0.25/turn               E - +6 ring of intelligence
MPRegen 0.18/turn               H - ring of willpower

@: mighty, wereblooded, studying Maces & Flails
A: ignite blood 1, powered by pain 1, sturdy frame 2
a: Renounce Religion


You were on level 12 of the Dungeon.
You worshipped Vehumet.
Vehumet was aware of your devotion.
You visited 2 branches of the dungeon, and saw 13 of its levels.
You also visited: Ice Cave.

You collected 721 gold pieces.

Inventory:

Hand Weapons
 k - the +9 hand axe of the Big Bang (weapon) {vorpal, Str+3 Dex+4}
   (You found it on level 2 of the Dungeon)

   It inflicts extra damage upon your enemies.
   Str:       It affects your strength (+3).
   Dex:       It affects your dexterity (+4).
 I - the +1 spear of the Mind {pain, rElec rN+ MP-9 Stlth+}
   (You found it on level 11 of the Dungeon)

   In the hands of one skilled in necromantic magic, it inflicts extra damage on
   living creatures.
   rElec:     It insulates you from electricity.
   rN:        It protects you from negative energy.
   MP:        It affects your magic capacity (-9).
   Stlth:     It makes you more stealthy.
Missiles
 c - 169 stones
 K - a throwing net
Armour
 b - a +0 pair of gloves of infusion (worn)
 l - a +1 scale mail of willpower (worn)
 r - the +4 leather armour "Qeusiulu" {rF+}
   (You found it on level 4 of the Dungeon)

   rF:        It protects you from fire.
 u - a +0 pair of boots (worn)
 v - a +0 cloak (worn)
 F - a +2 robe of cold resistance
 J - a +1 helmet (worn)
Jewellery
 E - a +6 ring of intelligence (left hand)
 G - a ring of ice
 H - a ring of willpower (right hand)
Wands
 o - a wand of acid (7)
 s - a wand of iceblast (20)
 t - a wand of digging (4)
 w - a wand of flame (34)
Scrolls
 d - 6 scrolls of vulnerability
 g - a scroll of identify
 h - 4 scrolls of immolation
 j - a scroll of teleportation
 m - a scroll of magic mapping
 n - a scroll of summoning {unknown}
 p - 4 scrolls of fog
 y - a scroll of silence {unknown}
Potions
 a - a potion of resistance {unknown}
 e - a potion of curing
 f - 3 potions of flight
 i - a potion of attraction {unknown}
 q - 6 potions of lignification
 x - 3 potions of magic {unknown}
 z - a potion of cancellation {unknown}
 A - a potion of degeneration {unknown}
 B - a potion of mutation {unknown}
 C - 3 potions of brilliance {unknown}
 D - a potion of haste {unknown}


   Skills:
 * Level 11.1 Fighting
 + Level 6.9 Armour
 - Level 1.7 Dodging
 - Level 1.7 Stealth
 * Level 8.1 Spellcasting
 + Level 8.0 Conjurations
 * Level 1.9 Transmutations
 + Level 7.7 Earth Magic


You had 15 spell levels left.
You knew the following spells:

 Your Spells              Type           Power      Damage    Failure   Level
a - Sandblast             Erth           100%       2d20      1%          1
b - Passwall              Tmut/Erth      29%        N/A       1%          2
c - Stone Arrow           Conj/Erth      100%       3d13      1%          3
d - Wereblood             Tmut           20%        N/A       6%          2
e - Sting                 Tmut/Pois      60%        1d6       6%          1
f - Poisonous Vapours     Pois/Air       20%        N/A       14%         2

Your spell library contained the following spells:

 Spells                   Type           Power      Damage    Failure   Level
 Shock                    Conj/Air       100%       1d9       1%          1
 Petrify                  Tmut/Erth      35%        N/A       13%         4
 Blink                    Tloc           20%        N/A       14%         2
 Corpse Rot               Necr/Air       20%        N/A       14%         2
 Sublimation of Blood     Necr           10%        N/A       14%         2
 Fulminant Prism          Conj/Hex       15%        3d11      19%         4
 Leda's Liquefaction      Hex/Erth       15%        N/A       19%         4
 Gell's Gravitas          Tloc           10%        N/A       28%         3
 Animate Dead             Necr           5%         N/A       67%         4
 Haunt                    Necr/Summ      5%         N/A       100%        7
 Summon Hydra             Summ           5%         N/A       100%        7
 Infestation              Necr           5%         N/A       100%        8


Dungeon Overview and Level Annotations

Branches:
Dungeon (12/15)            Temple (1/1) D:6            Lair (0/6) D:10
    Orc (0/2) D:12          IceCv (visited)

Altars:
Ashenzari
Cheibriados
Dithmenos
Elyvilon
Fedhas
Gozag
Hepliaklqana
Kikubaaqudgha
Makhleb
Nemelex Xobeh
Okawaru
Qazlal
Ru
Sif Muna
Trog
Uskayaw
Vehumet
Wu Jian
Xom
Yredelemnul
Zin
The Shining One

Annotations:
D:12 1 runed translucent door, exclusion: two-headed ogre, Nessos


Innate Abilities, Weirdness & Mutations

Your demonic aura sometimes causes spilled blood to erupt in flames.
You sometimes gain a little power by taking damage.
Your movements are less encumbered by armour. (ER -4)


Message History

Casting: Wereblood (safe; 6% risk of failure)
Confirm with . or Enter, or press ? or * to list all spells.
Aiming: Stone Arrow (safe; 1% risk of failure)
Press: ? - help, Shift-Dir - straight line, f - two-headed ogre
Aim: a two-headed ogre, wielding a +0 giant spiked club and a +0 giant club (89% to hit)
The stone arrow hits the two-headed ogre!
The two-headed ogre is lightly wounded.
The two-headed ogre hits you with a +0 giant spiked club!!
* * * LOW HITPOINT WARNING * * *
You focus on the pain.
You feel very mighty all of a sudden.
The two-headed ogre hits you with a +0 giant club!
* * * LOW HITPOINT WARNING * * *
Unknown command.
Unknown command.
Unknown command.
You feel better.
Unknown command.
Unknown command.
Unknown command.
Unknown command.
Unknown command.
The centaur wields a +0 shortbow.
The centaur shoots an arrow.
The arrow completely misses you.
The centaur wields a +0 shortbow.
The centaur shoots an arrow.
The arrow hits you.
* * * LOW HITPOINT WARNING * * *
Unknown command.
Unknown command.
Unknown command.
The centaur wields a +0 shortbow.
The centaur shoots an arrow.
The arrow misses you.
The centaur shoots an arrow.
The arrow hits you!
* * * LOW HITPOINT WARNING * * *
Unknown command.
Unknown command.
Unknown command.
You howl as the wereblood boils in your veins!
The centaur shoots an arrow.
The arrow barely misses you.
The centaur shoots an arrow.
The arrow hits you but does no damage.
The centaur shoots an arrow.
The arrow hits you!
You die...

**** *##,,, ###########
**#.+,,, #.........#
######## *,.,*,,,
#.........####......#
*.#**,,,
#.........#..@O.....###.#
*,,,
#...........##..cc..#...#
*,,,
#.........####......#Z#**
*,,, #.........#
#....c..c#####,,,
#######.###
#......##Z.≈.##+#
#......#
###.####.Z..#≈#..
#.###### #.#*#..#÷Z≈#≈#*
###'######
#.....≈#...≈#.#
#........#
####..≈#.....≈#


You could see a two-headed ogre and 3 centaurs.

Vanquished Creatures
  Fannar (D:10)
  A boulder beetle (D:12)
  A two-headed ogre (D:10)
  Nergalle (D:11)
  Pikel (D:9)
  2 statues (D:11)
  A manticore (D:6)
  An elephant (D:10)
  A gargoyle (D:11)
  A kobold demonologist (D:11)
  2 rime drakes (D:12)
  A troll (D:10)
  A polar bear (IceCv)
  A hornet (D:8)
  2 wyverns
  19 yaks
  Grum (D:9)
  3 steam dragons
  A basilisk (D:8)
  An acid dragon (D:11)
  Duvessa (D:7)
  A water moccasin (D:7)
  4 ice beasts
  5 orc warriors
  2 black bears (D:10)
  6 wolves
  3 ogres
  2 lemures (D:9)
  5 centaurs
  A phantom (D:6)
  A kobold brigand (D:11)
  5 bullfrogs
  A water moccasin zombie (D:5)
  A scorpion (D:5)
  A water moccasin skeleton (D:6)
  Dowan (D:7)
  11 killer bees
  8 wights
  9 howler monkeys
  A jelly (D:7)
  A quasit (D:6)
  2 centaur skeletons
  A bullfrog zombie (D:6)
  2 centaur zombies
  A gnoll shaman (D:5)
  4 orc priests
  A hound (D:6)
  Ijyb (D:5)
  Natasha (D:2)
  Terence (D:2)
  5 iguanas
  11 orc wizards
  A hound skeleton (D:4)
  3 gnolls (D:5)
  6 adders
  An ufetubus (D:6)
  An adder skeleton (D:4)
  3 worms
  3 dart slugs
  25 orcs
  5 bats
  4 endoplasms
  2 giant cockroaches
  7 goblins
  10 hobgoblins
  18 jackals
  A quokka (D:2)
  A frilled lizard (D:3)
  A goblin skeleton (D:6)
  A goblin zombie (D:6)
  4 hobgoblin zombies (D:6)
  9 kobolds
  A kobold skeleton (D:6)
  A kobold zombie (D:6)
  3 orc skeletons (D:6)
  An orc zombie (D:6)
  7 rats
262 creatures vanquished.

Vanquished Creatures (others)
  2 fungi (D:2)
  5 plants
7 creatures vanquished.

Grand Total: 269 creatures vanquished

Notes
Turn   | Place    | Note
-------+----------+-------------------------------------------
     0 | D:1      | protoss039 the Demonspawn Earth Elementalist began the
                  | quest for the Orb.
     0 | D:1      | Reached XP level 1. HP: 13/13 MP: 3/3
    72 | D:1      | Got Jighixt's Catalogue of Spatial Enchantment
    87 | D:1      | Reached skill level 1 in Transmutations
   253 | D:1      | Gained mutation: Your movements are slightly less
                  | encumbered by armour. (ER -2) [demonic ancestry]
   253 | D:1      | Reached XP level 2. HP: 18/20 MP: 0/5
   255 | D:1      | Reached skill level 1 in Fighting
  1237 | D:1      | Reached XP level 3. HP: 26/26 MP: 4/6
  1286 | D:1      | Learned a level 2 spell: Passwall
  1290 | D:1      | Learned a level 3 spell: Stone Arrow
  1855 | D:2      | Reached skill level 1 in Armour
  1926 | D:2      | Identified the +9 hand axe of the Big Bang {vorpal, Str+3
                  | Dex+4}
  2198 | D:2      | Reached skill level 2 in Fighting
  2526 | D:2      | Found a faded altar of an unknown god.
  2529 | D:2      | Got Plato's Compendium of Shape Shifting
  2568 | D:2      | Noticed Natasha
  2575 | D:2      | Reached XP level 4. HP: 25/33 MP: 7/7
  2575 | D:2      | Killed Natasha
  2576 | D:2      | Reached skill level 1 in Conjurations
  2719 | D:2      | Noticed Terence
  2723 | D:2      | Killed Terence
  2725 | D:2      | Found a shimmering altar of Xom.
  3251 | D:3      | Gained mutation: Your demonic aura sometimes causes spilled
                  | blood to erupt in flames. [demonic ancestry]
  3251 | D:3      | Reached XP level 5. HP: 39/39 MP: 6/8
  3380 | D:3      | Found a shimmering blue altar of Sif Muna.
  3661 | D:4      | Found a sacrificial altar of Ru.
  3756 | D:4      | Reached skill level 3 in Fighting
  3843 | D:4      | Noticed an ogre
  3849 | D:4      | Killed an ogre
  3850 | D:4      | Gained mutation: You sometimes gain a little power by
                  | taking damage. [demonic ancestry]
  3850 | D:4      | Reached XP level 6. HP: 25/47 MP: 4/10
  4820 | D:4      | Identified the +4 leather armour "Qeusiulu" {rF+}
  4886 | D:5      | Entered Level 5 of the Dungeon
  5042 | D:5      | Reached skill level 4 in Fighting
  5044 | D:5      | Reached XP level 7. HP: 36/54 MP: 2/11
  5263 | D:5      | Noticed Ijyb
  5273 | D:5      | Killed Ijyb
  5817 | D:6      | Reached skill level 5 in Fighting
  5852 | D:6      | Reached XP level 8. HP: 48/62 MP: 10/13
  6162 | D:6      | Noticed a manticore
  6195 | D:6      | Killed a manticore
  6196 | D:6      | Reached skill level 6 in Fighting
  6476 | D:6      | Found a staircase to the Ecumenical Temple.
  6483 | Temple   | Entered the Ecumenical Temple
  6691 | D:6      | Reached skill level 5 in Earth Magic
  7076 | D:6      | Found a large runed translucent door.
  7076 | D:6      | Found a large runed translucent door.
  7421 | D:6      | Found an ornate altar of the Wu Jian Council.
  7426 | D:6      | Reached XP level 9. HP: 64/71 MP: 13/15
  7431 | D:6      | Found a blossoming altar of Fedhas.
  7770 | D:7      | Noticed Duvessa
  7771 | D:7      | Noticed Dowan
  7781 | D:7      | Killed Duvessa
  7782 | D:7      | Reached skill level 5 in Conjurations
  7783 | D:7      | Killed Dowan
  7784 | D:7      | Reached skill level 7 in Fighting
  8223 | D:7      | Found a broken altar of Ashenzari.
  8238 | D:7      | Reached skill level 5 in Spellcasting
  8613 | D:7      | HP: 2/64 [wight/+0 mace (4)]
  9287 | D:8      | Reached skill level 8 in Fighting
  9306 | D:8      | Reached skill level 5 in Armour
  9979 | D:8      | Reached XP level 10. HP: 48/81 MP: 5/18
 10167 | D:8      | Found a hazy altar of Hepliaklqana.
 11078 | D:9      | Noticed Pikel
 11094 | D:9      | Killed Pikel
 11095 | D:9      | Reached skill level 9 in Fighting
 11403 | D:9      | Noticed Grum
 11419 | D:9      | Killed Grum
 12107 | D:9      | Found a hide-covered altar of Uskayaw.
 12110 | D:9      | Found a shimmering altar of Xom.
 12112 | D:9      | Found a shimmering altar of Xom.
 12112 | D:9      | Found a broken altar of Ashenzari.
 12112 | D:9      | Found a bloodstained altar of Trog.
 12176 | D:10     | Entered Level 10 of the Dungeon
 12176 | D:10     | Noticed a boulder beetle
 12511 | D:9      | Learned a level 1 spell: Sting
 12914 | D:10     | Found a radiant altar of Vehumet.
 12917 | D:10     | Became a worshipper of Vehumet
 13057 | D:10     | Noticed a two-headed ogre
 13060 | D:10     | Killed a two-headed ogre
 13205 | D:10     | Gained mutation: Your movements are less encumbered by
                  | armour. (ER -4) [demonic ancestry]
 13205 | D:10     | Reached XP level 11. HP: 79/90 MP: 17/20
 13315 | D:10     | Found a staircase to the Lair.
 13316 | D:10     | Noticed Fannar
 13625 | D:10     | Reached skill level 10 in Fighting
 14156 | D:10     | Killed Fannar
 14876 | D:11     | Reached * piety under Vehumet
 14876 | D:11     | Offered knowledge of Shock by Vehumet.
 15045 | D:11     | Noticed Nergalle
 15054 | D:11     | Killed Nergalle
 15453 | D:11     | Noticed an archer statue
 15455 | D:11     | Noticed an archer statue
 15502 | D:11     | Killed an archer statue
 15675 | D:11     | Killed an archer statue
 15758 | D:11     | Identified the +1 spear of the Mind {pain, rElec rN+ MP-9
                  | Stlth+}
 16069 | D:12     | Noticed a two-headed ogre
 16070 | D:12     | Noticed Nessos
 16141 | D:12     | Noticed a boulder beetle
 16161 | D:12     | Killed a boulder beetle
 16162 | D:12     | Reached skill level 11 in Fighting
 16168 | D:12     | Found a runed translucent door.
 16285 | D:12     | Learned a level 2 spell: Poisonous Vapours
 16288 | D:12     | Learned a level 2 spell: Wereblood
 16314 | D:12     | Found a frozen archway.
 16317 | D:12     | Noticed a two-headed ogre
 16346 | IceCv    | Entered an ice cave
 16583 | IceCv    | Noticed a death yak
 16639 | D:12     | HP: 3/93 [two-headed ogre/+0 giant spiked club (7)]
 16646 | D:12     | Shot with an arrow by a centaur

Illustrated notes

Levels and vault maps discovered:
D:1:      dpeg_arrival_boxes_within_box, layout_rooms
D:2:      layout_basic, shapermc_ecumenical_altar_rom_forum, basic_altar,
          uniq_terence, uniq_natasha
D:3:      layout_rooms, mainiacjoe_overflow_alcove_2
D:4:      layout_layer_cave, nicolae_ru_awakened_eye
D:5:      layout_rooms, uniq_ijyb
D:6:      layout_basic, nicolae_tso_besieged_by_evil, jmf_multi_god_temple2,
          minmay_temple_entry_drinking_statues, grunt_ministairs_8, hex_large,
          st_stairs_7, minmay_manual_mandibuliform
D:7:      layout_basic, lemuel_round_altar, uniq_duvessa
D:8:      layout_cave_pods, worldfamousw_hep_ancestral_shrine
D:9:      layout_basic, doesnt_xom_only_xom, mainiacjoe_overflow_paths,
          uniq_grum, uniq_pikel
D:10:     layout_small_grid, mainiacjoe_overflow_brackets, david_lair_generic,
          minmay_misc_feat_enclosed, uniq_fannar
D:11:     layout_long_grid, minmay_dual_archer_statues, uniq_nergalle
D:12:     layout_roguey, zombieorc2_lemuel, portal_ice_cave_rime,
          lightli_church_of_beogh, uniq_erolcha, uniq_nessos
Temple:   minmay_temple_bridge_abc

Skill      XL: |  1  2  3  4  5  6  7  8  9 10 11 |
---------------+----------------------------------+-----
Transmutations | 1 |  1.9
Fighting       | 1 2 3 4 5 6 8 9 11 | 11.1
Armour         | 1 2 3 4 5 6 |  6.9
Earth Magic    | 3 4 5 6 7 |  7.7
Conjurations   | 1 2 3 4 5 7 8 |  8.0
Spellcasting   | 3 4 5 6 8 |  8.1
Dodging        | |  1.7
Stealth        | |  1.7

Action                   |  1- 3 |  4- 6 |  7- 9 | 10-12 || total
-------------------------+-------+-------+-------+-------++-------
Melee: Dagger            |   112 |       |       |       ||   112
       Unarmed           |     7 |       |       |       ||     7
       Punch             |     1 |       |     4 |       ||     5
       Hand axe          |    15 |    61 |   187 |   160 ||   423
 Cast: Sandblast         |    29 |     1 |     1 |    10 ||    41
       Stone Arrow       |       |     1 |     7 |    68 ||    76
       Sting             |       |       |       |    11 ||    11
       Wereblood         |       |       |       |     3 ||     3
  Use: Scroll            |       |     1 |     6 |     8 ||    15
       Potion            |       |       |       |     1 ||     1
 Stab: Sleeping          |     3 |     2 |     2 |     2 ||     9
Armor: Robe              |    29 |       |       |    20 ||    49
       Scale mail        |       |    24 |       |    19 ||    43
       Leather armour    |       |     1 |   118 |    86 ||   205
Dodge: Dodged            |   104 |    31 |   158 |   179 ||   472
